3AAA
SUNSET DISTRICT FOG @ AUSTIN BLACK MAMBAS
07/27/2042
 
TOP OF THE 1ST
Sunset District Fog batting - Pitching for Austin Black Mambas : RHP Miguel Ávila
Pitching: RHP Miguel Ávila
Batting: LHB Jorge Peniche 0-0: Ball
1-0: SOLO HOME RUN (Flyball, 9D, EV 105.0 MPH), Distance : 367 ft
Batting: LHB Flint Myers 0-0: Called Strike
0-1: Ball
1-1: Foul Ball, location: 2F
1-2: Foul Ball, location: 2F
1-2: Fly out, F9 (Flyball, 89M, EV 91.2 MPH)
Batting: RHB A.T. Tappman 0-0: Foul Ball, location: 2F
0-1: Fly out, F8 (Line Drive, 8LD, EV 97.5 MPH)
Batting: LHB Bradley Wilson 0-0: Foul Ball, location: 2F
0-1: Ball
1-1: Ball
2-1: Foul Ball, location: 2F
2-2: Ball
3-2: SINGLE (Flyball, 89M, EV 95.0 MPH)
Batting: RHB Brandon Wilson 0-0: Ball
1-0: Called Strike
1-1: Ball
2-1: Fly out, F9 (Flyball, 9LD, EV 95.6 MPH)
Top of the 1st over - 1 run, 2 hits, 0 errors, 1 left on base; Sunset District 1 - Austin 0
BOTTOM OF THE 1ST
Austin Black Mambas batting - Pitching for Sunset District Fog : LHP Manny Burgos
Pitching: LHP Manny Burgos
Batting: RHB Ned Lyons 0-0: Ball
1-0: Called Strike
1-1: Foul Ball, location: 2F
1-2: Strikes out swinging
Batting: RHB Rick Pawlowicz 0-0: Foul Ball, location: 2F
0-1: Foul Ball, location: 2F
0-2: Ball
1-2: Ball
2-2: Ball
3-2: SINGLE (Line Drive, 4D, EV 93.8 MPH)
Batting: RHB Doug Day 0-0: Called Strike
0-1: Ball
1-1: Ball
2-1: Ball
3-1: Base on Balls
Rick Pawlowicz to second
Batting: RHB Jack Núñez 0-0: Called Strike
0-1: Fly out, F8 (Flyball, 8RM, EV 82.5 MPH)
Batting: LHB José Vera 0-0: Ball
Wild Pitch!
Rick Pawlowicz to third
Doug Day to second
1-0: Ball
2-0: Ball
3-0: Called Strike
3-1: Foul Ball, location: 2F
3-2: Base on Balls
Batting: RHB Parker Truesdale 0-0: SINGLE (Line Drive, 9S, EV 86.2 MPH)
Rick Pawlowicz scores
Doug Day to third
José Vera to second
Batting: RHB Rutland Stones 0-0: Called Strike
0-1: Swinging Strike
0-2: Strikes out swinging
Bottom of the 1st over - 1 run, 2 hits, 0 errors, 3 left on base; Sunset District 1 - Austin 1
TOP OF THE 2ND
Sunset District Fog batting - Pitching for Austin Black Mambas : RHP Miguel Ávila
Batting: LHB Juan Fuentes 0-0: Called Strike
0-1: Ball
1-1: Ball
2-1: Foul Ball, location: 2F
2-2: Foul Ball, location: 2F
2-2: Ground out 6-3 (Groundball, 4M, EV 105.0 MPH)
Batting: RHB Nicodemo Nardone 0-0: Ball
1-0: Swinging Strike
1-1: Swinging Strike
1-2: Ground out 5-3 (Groundball, 5, EV 96.2 MPH)
Batting: RHB Tokaji Heida 0-0: Swinging Strike
0-1: Ball
1-1: Swinging Strike
1-2: Ground out 6-3 (Groundball, 56, EV 108.8 MPH)
Top of the 2nd over - 0 runs, 0 hits, 0 errors, 0 left on base; Sunset District 1 - Austin 1
BOTTOM OF THE 2ND
Austin Black Mambas batting - Pitching for Sunset District Fog : LHP Manny Burgos
Batting: RHB Ken Rodríguez 0-0: Ball
1-0: Swinging Strike
1-1: Foul Ball, location: 2F
1-2: Strikes out swinging
Batting: LHB Jon Kelly 0-0: Ball
1-0: Called Strike
1-1: Ball
2-1: Foul Ball, location: 2F
2-2: Fly out, F8 (Flyball, 8RM, EV 91.2 MPH)
Batting: RHB Ned Lyons 0-0: Ball
1-0: Ball
2-0: Foul Ball, location: 2F
2-1: Foul Ball, location: 2F
2-2: Strikes out swinging
Bottom of the 2nd over - 0 runs, 0 hits, 0 errors, 0 left on base; Sunset District 1 - Austin 1
TOP OF THE 3RD
Sunset District Fog batting - Pitching for Austin Black Mambas : RHP Miguel Ávila
Batting: SHB Benny Frost 0-0: Ground out 3-1 (Groundball, 34, EV 104.4 MPH)
Batting: LHB Jorge Peniche 0-0: Ball
1-0: Foul Ball, location: 2F
1-1: Called Strike
1-2: Ball
2-2: Fly out, F8 (Flyball, 8RS, EV 83.8 MPH)
Batting: LHB Flint Myers 0-0: Ball
1-0: Ball
2-0: Foul Ball, location: 2F
2-1: Foul Ball, location: 2F
2-2: Foul Ball, location: 2F
2-2: Ball
3-2: Foul Ball, location: 2F
3-2: Foul Ball, location: 2F
3-2: SINGLE (Line Drive, 56, EV 99.4 MPH)
Batting: RHB A.T. Tappman 0-0: Called Strike
0-1: Ball
1-1: Fielders Choice at 2nd, 6-4 (Groundball, 6, EV 78.8 MPH)
Top of the 3rd over - 0 runs, 1 hit, 0 errors, 1 left on base; Sunset District 1 - Austin 1
BOTTOM OF THE 3RD
Austin Black Mambas batting - Pitching for Sunset District Fog : LHP Manny Burgos
Batting: RHB Rick Pawlowicz 0-0: Called Strike
0-1: Swinging Strike
0-2: Fly out, F8 (Line Drive, 8LD, EV 95.0 MPH)
Batting: RHB Doug Day 0-0: Called Strike
0-1: Ball
1-1: Ball
2-1: Foul Ball, location: 2F
2-2: Strikes out swinging
Batting: RHB Jack Núñez 0-0: Ball
1-0: Fly out, F9 (Flyball, 89M, EV 80.6 MPH)
Bottom of the 3rd over - 0 runs, 0 hits, 0 errors, 0 left on base; Sunset District 1 - Austin 1
TOP OF THE 4TH
Sunset District Fog batting - Pitching for Austin Black Mambas : RHP Miguel Ávila
Batting: LHB Bradley Wilson 0-0: Called Strike
0-1: Ball
1-1: Ground out U3 (Groundball, 34, EV 80.0 MPH)
Batting: RHB Brandon Wilson 0-0: Swinging Strike
0-1: Ball
1-1: Ball
2-1: Swinging Strike
2-2: Foul Ball, location: 2F
2-2: Ball
3-2: Foul Ball, location: 2F
3-2: Foul Ball, location: 2F
3-2: Base on Balls
Batting: LHB Juan Fuentes 0-0: Ball
1-0: Foul Ball, location: 2F
1-1: Foul Ball, location: 2F
1-2: Ball
2-2: SINGLE (Line Drive, 34D, EV 104.4 MPH)
Brandon Wilson to second
Batting: RHB Nicodemo Nardone 0-0: Ball
1-0: Ball
2-0: Ball
3-0: Base on Balls
Brandon Wilson to third
Juan Fuentes to second
Batting: RHB Tokaji Heida 0-0: Ball
Balk!
Brandon Wilson scores
Juan Fuentes to third
Nicodemo Nardone to second
1-0: Fly out, F9 (Flyball, 9, EV 86.9 MPH)
Runner from 3rd tags up, SCORES, throw by RF
Batting: SHB Benny Frost 0-0: Ball
1-0: Ball
2-0: Foul Ball, location: 2F
2-1: Ground out 4-3 (Groundball, 4M, EV 89.4 MPH)
Top of the 4th over - 2 runs, 1 hit, 0 errors, 1 left on base; Sunset District 3 - Austin 1
BOTTOM OF THE 4TH
Austin Black Mambas batting - Pitching for Sunset District Fog : LHP Manny Burgos
Batting: LHB José Vera 0-0: Foul Ball, location: 2F
0-1: Ball
1-1: Swinging Strike
1-2: Foul Ball, location: 2F
1-2: Ball
2-2: Foul Ball, location: 2F
2-2: Fly out, F7 (Flyball, 7S, EV 88.8 MPH)
Batting: RHB Parker Truesdale 0-0: Ball
1-0: Foul Ball, location: 2F
1-1: Foul Ball, location: 2F
1-2: Ball
2-2: Ball
3-2: Ground out 1-3 (Groundball, 13S, EV 60.6 MPH)
Batting: RHB Rutland Stones 0-0: Foul Ball, location: 2F
0-1: SINGLE (Groundball, 4S, EV 70.0 MPH) (infield hit)
Batting: RHB Ken Rodríguez 0-0: Called Strike
0-1: Foul Ball, location: 2F
0-2: Fly out, F8 (Line Drive, 8LM, EV 98.8 MPH)
Bottom of the 4th over - 0 runs, 1 hit, 0 errors, 1 left on base; Sunset District 3 - Austin 1
TOP OF THE 5TH
Sunset District Fog batting - Pitching for Austin Black Mambas : RHP Miguel Ávila
Batting: LHB Jorge Peniche 0-0: Foul Ball, location: 2F
0-1: Ball
1-1: Swinging Strike
1-2: SINGLE (Groundball, 4MD, EV 93.8 MPH)
Batting: LHB Flint Myers 0-0: Called Strike
0-1: Ball
1-1: Ball
2-1: Foul Ball, location: 2F
2-2: Foul Ball, location: 2F
2-2: Ball
3-2: Strikes out looking
Jorge Peniche steals 2nd base
Batter strikes out.
Batting: RHB A.T. Tappman 0-0: Foul Ball, location: 2F
0-1: Foul Ball, location: 2F
0-2: DOUBLE (Line Drive, 7LM, EV 108.8 MPH)
Jorge Peniche scores
Batting: LHB Bradley Wilson 0-0: Intentional Walk
Batting: RHB Brandon Wilson 0-0: Ball
1-0: Called Strike
1-1: Called Strike
1-2: Ball
2-2: SINGLE (Line Drive, 9LS, EV 91.9 MPH)
A.T. Tappman to third
Bradley Wilson to second
Pitching: RHP Stewart Hall
Batting: LHB Juan Fuentes 0-0: Ball
1-0: Swinging Strike
1-1: Swinging Strike
1-2: Ball
2-2: Strikes out swinging
Batting: RHB Nicodemo Nardone 0-0: Fly out, F6 (Popup, 6M, EV 56.9 MPH)
Top of the 5th over - 1 run, 3 hits, 0 errors, 3 left on base; Sunset District 4 - Austin 1
BOTTOM OF THE 5TH
Austin Black Mambas batting - Pitching for Sunset District Fog : LHP Manny Burgos
Batting: LHB Jon Kelly 0-0: TRIPLE (Flyball, 89XD, EV 98.1 MPH)
Batting: RHB Ned Lyons 0-0: Called Strike
0-1: Called Strike
0-2: SINGLE (Groundball, 6MD, EV 97.5 MPH)
Jon Kelly scores
Batting: RHB Rick Pawlowicz 0-0: Fly out, F8 (Line Drive, 8LM, EV 96.2 MPH)
Batting: RHB Doug Day 0-0: Called Strike
0-1: Ball
1-1: Ball
2-1: Ball
3-1: Foul Ball, location: 2F
3-2: Foul Ball, location: 2F
3-2: Fielders Choice at 2nd, 1-6 (Groundball, 34S, EV 86.9 MPH)
Pitching: RHP Steve Henryson
Batting: RHB Jack Núñez 0-0: Called Strike
0-1: Called Strike
0-2: Foul Ball, location: 2F
0-2: Strikes out swinging
Bottom of the 5th over - 1 run, 2 hits, 0 errors, 1 left on base; Sunset District 4 - Austin 2
TOP OF THE 6TH
Sunset District Fog batting - Pitching for Austin Black Mambas : RHP Stewart Hall
Batting: RHB Tokaji Heida 0-0: Called Strike
0-1: Ball
1-1: Ball
2-1: Ball
3-1: Fly out, F2 (Popup, 5SF, EV 83.1 MPH)
Batting: SHB Benny Frost 0-0: SINGLE (Line Drive, 89M, EV 110.0 MPH)
Batting: LHB Jorge Peniche 0-0: Single, Error in OF, E8, batter to second base (Groundball, 4MD, EV 104.4 MPH)
Benny Frost to third
Batting: LHB Flint Myers 0-0: Ball
1-0: Called Strike
1-1: Called Strike
1-2: Strikes out swinging
Batting: RHB A.T. Tappman 0-0: Ball
1-0: Ball
Wild Pitch!
Benny Frost scores
Jorge Peniche to third
2-0: Called Strike
2-1: Fly out, F9 (Flyball, 9LSF, EV 91.2 MPH)
Top of the 6th over - 1 run, 2 hits, 1 error, 1 left on base; Sunset District 5 - Austin 2
BOTTOM OF THE 6TH
Austin Black Mambas batting - Pitching for Sunset District Fog : RHP Steve Henryson
Batting: LHB José Vera 0-0: Ball
1-0: Ground out 6-3 (Groundball, 6S, EV 86.9 MPH)
Batting: RHB Parker Truesdale 0-0: Called Strike
0-1: Ground out 6-3 (Groundball, 6, EV 80.0 MPH)
Batting: RHB Rutland Stones 0-0: Foul Ball, location: 2F
0-1: Foul Ball, location: 2F
0-2: Ball
1-2: DOUBLE (Flyball, 78XD, EV 94.4 MPH)
Batting: RHB Ken Rodríguez 0-0: Called Strike
0-1: Foul Ball, location: 2F
0-2: Foul Ball, location: 2F
0-2: Strikes out swinging
Bottom of the 6th over - 0 runs, 1 hit, 0 errors, 1 left on base; Sunset District 5 - Austin 2
TOP OF THE 7TH
Sunset District Fog batting - Pitching for Austin Black Mambas : RHP Stewart Hall
Batting: LHB Bradley Wilson 0-0: Ball
1-0: Swinging Strike
1-1: Swinging Strike
1-2: Ball
2-2: Foul Ball, location: 2F
2-2: Ground out 4-3 (Groundball, 4, EV 87.5 MPH)
Pitching: RHP Tuna Altuna
Batting: RHB Brandon Wilson 0-0: Ball
1-0: Called Strike
1-1: Called Strike
1-2: Foul Ball, location: 2F
1-2: Ball
2-2: Strikes out swinging
Batting: LHB Juan Fuentes 0-0: Swinging Strike
0-1: Called Strike
0-2: Ball
1-2: Strikes out swinging
Top of the 7th over - 0 runs, 0 hits, 0 errors, 0 left on base; Sunset District 5 - Austin 2
BOTTOM OF THE 7TH
Austin Black Mambas batting - Pitching for Sunset District Fog : RHP Steve Henryson
Batting: LHB Jon Kelly 0-0: Ball
1-0: Called Strike
1-1: Foul Ball, location: 2F
1-2: Foul Ball, location: 2F
1-2: Foul Ball, location: 2F
1-2: Fly out, F8 (Line Drive, 8RM, EV 101.9 MPH)
Batting: RHB Ned Lyons 0-0: Called Strike
0-1: Ball
1-1: Ground out 5-3 (Groundball, 56, EV 86.2 MPH)
Batting: RHB Rick Pawlowicz 0-0: Called Strike
0-1: Foul Ball, location: 2F
0-2: Foul Ball, location: 2F
0-2: Ball
1-2: Ground out 1-3 (Groundball, 34S, EV 76.9 MPH)
Bottom of the 7th over - 0 runs, 0 hits, 0 errors, 0 left on base; Sunset District 5 - Austin 2
TOP OF THE 8TH
Sunset District Fog batting - Pitching for Austin Black Mambas : RHP Tuna Altuna
Batting: RHB Nicodemo Nardone 0-0: Called Strike
0-1: Foul Ball, location: 2F
0-2: Ball
1-2: Foul Ball, location: 2F
1-2: Ball
2-2: Ball
3-2: Fly out, F4 (Popup, 4M, EV 63.8 MPH)
Batting: RHB Tokaji Heida 0-0: Called Strike
0-1: Called Strike
0-2: Ball
1-2: SINGLE (Flyball, 89S, EV 88.1 MPH)
Batting: SHB Benny Frost 0-0: Ball
1-0: Foul Ball, location: 2F
1-1: Fielders Choice at 2nd, 3-6 (Groundball, 3, EV 87.5 MPH)
Batting: LHB Jorge Peniche 0-0: Called Strike
0-1: Called Strike
0-2: Ball
1-2: SINGLE (Flyball, 9S, EV 85.0 MPH)
Benny Frost to second
Runner from 2nd tries for 3rd, SAFE, no throw by RF
Batting: LHB Flint Myers 0-0: Ball
1-0: Called Strike
1-1: Foul Ball, location: 2F
1-2: Foul Ball, location: 2F
1-2: Ground out 4-3 (Groundball, 34, EV 86.9 MPH)
Top of the 8th over - 0 runs, 2 hits, 0 errors, 2 left on base; Sunset District 5 - Austin 2
BOTTOM OF THE 8TH
Austin Black Mambas batting - Pitching for Sunset District Fog : RHP Steve Henryson
Batting: RHB Doug Day 0-0: Called Strike
0-1: Called Strike
0-2: Strikes out swinging
Batting: RHB Jack Núñez 0-0: Foul Ball, location: 2F
0-1: Ball
1-1: DOUBLE (Flyball, 78XD, EV 100.0 MPH)
Batting: LHB José Vera 0-0: Called Strike
0-1: Ground out 4-3 (Groundball, 4M, EV 78.8 MPH)
Jack Núñez to third
Batting: RHB Parker Truesdale 0-0: Ball
1-0: Foul Ball, location: 2F
1-1: Foul Ball, location: 2F
1-2: Ground out 5-3 (Groundball, 56S, EV 73.8 MPH)
Bottom of the 8th over - 0 runs, 1 hit, 0 errors, 1 left on base; Sunset District 5 - Austin 2
TOP OF THE 9TH
Sunset District Fog batting - Pitching for Austin Black Mambas : RHP Tuna Altuna
Batting: RHB A.T. Tappman 0-0: Swinging Strike
0-1: Ball
1-1: Ball
2-1: Ground out 6-3 (Groundball, 6, EV 90.6 MPH)
Batting: LHB Bradley Wilson 0-0: Ball
1-0: Called Strike
1-1: Ball
2-1: Swinging Strike
2-2: Foul Ball, location: 2F
2-2: Foul Ball, location: 2F
2-2: Ball
3-2: Ground out 2-3 (Groundball, 15S, EV 73.1 MPH)
Pitching: LHP James Hall
Batting: RHB Brandon Wilson 0-0: Ball
1-0: Called Strike
1-1: Foul Ball, location: 2F
1-2: Fly out, F8 (Line Drive, 8RD, EV 93.1 MPH)
Top of the 9th over - 0 runs, 0 hits, 0 errors, 0 left on base; Sunset District 5 - Austin 2
BOTTOM OF THE 9TH
Austin Black Mambas batting - Pitching for Sunset District Fog : RHP Steve Henryson
Pitching: LHP Batu Khan
Batting: RHB Rutland Stones 0-0: Ball
1-0: Called Strike
1-1: Fly out, F9 (Flyball, 9LS, EV 95.0 MPH)
Batting: RHB Ken Rodríguez 0-0: Called Strike
0-1: Ball
1-1: Called Strike
1-2: Strikes out swinging
Batting: LHB Jon Kelly 0-0: Called Strike
0-1: Foul Ball, location: 2F
0-2: Strikes out swinging
Bottom of the 9th over - 0 runs, 0 hits, 0 errors, 0 left on base; Sunset District 5 - Austin 2
Friday, March 26th, 2021 - OOTP Baseball 20.8 Build 74